Map: Ascensão para Aiur LE

Players

TheZergLord - Winner!

  • Race: Zerg Zerg
  • League: Grandmaster
  • Spawn Location: 5:00

RuFF

  • Race: Terran Terran
  • League: Grandmaster
  • Spawn Location: 11:00

VOD

Have the link to the VOD?

Description

Time

  • Played on: June 14, 2017, 2:27 a.m.
  • Length: 6:36
Show
View Real Time Build Order
Export as new Build Order

TheZergLord Zerg - Winner!

Build Orders: Pool First 

Get SALT Encoding   

  12  0:01  Drone  
  13  0:12  Overlord  
  13  0:18  Drone  
  14  0:31  Drone x2  
  14  0:34  Drone  
  17  0:44  Spawning Pool  
  17  0:48  Drone  
  17  0:57  Drone  
  18  1:12  Hatchery  
  18  1:17  Extractor  
  18  1:18  Drone  
  17  1:21  Drone  
  18  1:31  Zergling x2  
  19  1:35  Roach Warren  
  18  1:44  Drone  
  18  1:46  Queen  
  21  1:55  Overlord  
  21  2:07  Drone  
  22  2:16  Roach  
  22  2:22  Roach  
  26  2:24  Roach  
  26  2:26  Queen  
  30  2:32  Drone  
  30  2:35  Drone  
  32  2:43  Overlord  
  32  2:48  Drone  
  33  2:55  Drone  
  33  3:00  Drone x3  
  33  3:04  Overlord  
  36  3:07  Drone  
  36  3:08  Drone  
  38  3:19  Drone x2  
  40  3:39  Drone x2  
  42  3:53  Drone  
  42  3:54  Drone x5  
  44  4:02  Overlord  
  42  4:03  Roach  
  42  4:08  Queen, Extractor  
  42  4:09  Extractor, Hatchery  
  43  4:11  Roach  
  45  4:21  Roach  
  47  4:28  Roach x3  
  47  4:29  Roach x3  
  59  4:36  Overlord x2  
  59  4:42  Ravager  
  60  4:53  Queen  
  60  4:54  Queen  
  64  5:01  Roach  
  64  5:02  Roach x3  
  72  5:08  Ravager x3  
  72  5:11  Overlord x2  
  72  5:12  Overlord  
  67  5:24  Roach  
  67  5:25  Roach x4  
  77  5:36  Roach x4  
  77  5:39  Roach  
  87  5:46  Ravager  
  88  5:50  Roach x2  
  88  5:55  Overlord x2  
Show
View Real Time Build Order
Export as new Build Order

RuFF Terran 

Build Orders: Liberator Opening 

Get SALT Encoding   

  12  0:00  SCV  
  13  0:13  SCV  
  14  0:17  Supply Depot  
  14  0:25  SCV  
  15  0:29  Refinery  
  15  0:39  SCV  
  16  0:45  Barracks  
  16  0:51  SCV  
  17  1:04  SCV  
  18  1:16  SCV  
  19  1:28  SCV  
  19  1:32  Marine  
  21  1:34  Factory  
  21  1:40  Orbital Command  
  21  1:45  Supply Depot  
  21  1:50  Barracks Reactor  
  21  2:02  Refinery  
  21  2:07  SCV  
  22  2:21  Command Center  
  21  2:30  Hellion x2  
  21  2:32  SCV  
  26  2:48  Starport  
  26  2:51  Supply Depot  
  25  2:59  Barracks Reactor  
  25  3:00  SCV  
  25  3:03  Hellion x2  
  31  3:12  SCV  
  31  3:25  Supply Depot  
  31  3:28  Cyclone  
  31  3:33  Cyclone  
  36  3:35  Liberator  
  35  4:02  SCV  
  34  4:06  Hellion  
  34  4:07  Hellion  
  38  4:16  SCV  
  39  4:17  Liberator  
  39  4:34  SCV  
  39  4:35  Hellion x2  
  47  4:42  Orbital Command  
  48  5:21  Cyclone x2  
  44  5:25  SCV x2  
  44  5:37  SCV  
  44  5:38  Refinery, Medivac, SCV  
  45  5:44  Medivac  
  48  5:50  SCV x2  
  48  5:53  Supply Depot  
  49  6:02  SCV x2  
  51  6:14  SCV  
Tags
 
Add a new tag
Caveats
  • Supply blocks, unpowered buildings, or Contaminate may cause inaccurate times.
  • Supply counts are checked every 10 seconds.